 Dungeon Crawl Stone Soup version 0.19.5 (webtiles) character file.

55 JeffiDaFish the Skirmisher (level 3, -6/24 HPs)
             Began as a Gargoyle Fighter on Apr 20, 2017.
             Mangled by a gnoll
             ... wielding a +0 spear
              (7 damage)
             ... on level 2 of the Dungeon.
             The game lasted 00:02:16 (1007 turns).

JeffiDaFish the Skirmisher (Gargoyle Fighter)       Turns: 1007, Time: 00:02:17

Health: -6/24      AC:  9    Str: 24    XL:     3   Next: 93%
Magic:  3/3        EV:  4    Int:  8    God:
Gold:   74         SH: 10    Dex: 12    Spells: 0 memorised, 2 levels left

rFire  . . .     SeeInvis .     a - +0 flail
rCold  . . .     Gourm    .     b - +0 plate armour
rNeg   + . .     Faith    .     c - +0 shield
rPois  ∞         Spirit   .     (no helmet)
rElec  +         Reflect  .     (no cloak)
rCorr  .         Harm     .     (no gloves)
MR     .....                    (no boots)
Stlth  ..........               (no amulet)
                                (no ring)
                                (no ring)

@: mighty
A: hooves 1, agile 1, deformed body, negative energy resistance 1, electricity
resistance, unbreathing, petrification resistance, rot immunity, AC +3
a: no special abilities


You were on level 2 of the Dungeon.
You were not hungry.

You visited 1 branch of the dungeon, and saw 2 of its levels.

You collected 74 gold pieces.

Inventory:

Hand Weapons
 a - a +0 flail (weapon)
Armour
 b - a +0 plate armour (worn)
 c - a +0 shield (worn)
Scrolls
 e - a scroll of teleportation
Potions
 h - a potion of flight
Comestibles
 f - a bread ration
 g - 2 chunks of flesh


   Skills:
 + Level 3.8 Fighting
 + Level 2.6 Maces & Flails
 + Level 3.7 Armour
 + Level 0.1 Dodging
 + Level 0.2 Stealth
 + Level 3.8 Shields


You had 2 spell levels left.
You didn't know any spells.

Dungeon Overview and Level Annotations

Branches:
Dungeon (2/15)

Altars:
Gozag


Innate Abilities, Weirdness & Mutations

You are resistant to torment.
Your stone body is resilient. (AC +3)
You are immune to poison.
You resist negative energy. (rN+)
You are resistant to electric shocks. (rElec)
You can survive without breathing.
You are immune to petrification.
You are immune to rotting.
You have large cloven feet.
You are agile. (Dex +2)
Armour fits poorly on your strangely shaped body.


Message History

* * * LOW HITPOINT WARNING * * *
The leopard gecko bites you but does no damage.
You block the gnoll's attack. The gnoll hits you but does no damage.
The gnoll hits you from afar with a spear.
* * * LOW HITPOINT WARNING * * *
The hobgoblin hits you but does no damage.
You block the gnoll's attack. The leopard gecko bites you.
* * * LOW HITPOINT WARNING * * *
The hobgoblin hits you but does no damage.
You block the leopard gecko's attack.
You feel very mighty all of a sudden. The leopard gecko bites you.
* * * LOW HITPOINT WARNING * * *
You block the gnoll's attack.
You sock the leopard gecko!
You kill the leopard gecko!
The gnoll hits you but does no damage. You block the gnoll's attack.
The gnoll hits you from afar with a spear!
You die...

##### #..........#
#...## #..........#
##....##
#..........#
##......##
#..........#
#..####..###
#>.........# #.##
##...# #..........#
#.# ###.##
#..?.g...... ##.#
#..########.#.#####
#..#
##.#..@ggg....#
#.## #...####..####
#.# ########...#
#..##
..###.<........#
#.##
........######.#
#.# ...
.........### #.#
#.# ...
#######(...###.#
#.##### .# ... #
##....##.###......
#.# #.#
####...[)....####
#.# #.#


You could see 3 gnolls.

Vanquished Creatures
  2 oozes
  A worm (D:2)
  3 dart slugs
  A leopard gecko (D:2)
  A ball python (D:2)
  4 bats
  3 giant cockroaches (D:1)
  4 goblins
  5 hobgoblins
  4 kobolds (D:1)
  2 quokkas (D:2)
  A frilled lizard (D:2)
  A rat (D:1)
32 creatures vanquished.

Notes
Turn   | Place    | Note
-------+----------+-------------------------------------------
     0 | D:1      | JeffiDaFish the Gargoyle Fighter began the quest for the Orb.
     0 | D:1      | Reached XP level 1. HP: 14/14 MP: 1/1
    58 | D:1      | Gained mutation: Armour fits poorly on your strangely shaped body. [potion of mutation]
    58 | D:1      | Gained mutation: You have large cloven feet. [potion of mutation]
    58 | D:1      | Gained mutation: You are agile. (Dex +2) [potion of mutation]
   203 | D:1      | Reached XP level 2. HP: 19/19 MP: 2/2
   262 | D:1      | Reached XP level 3. HP: 22/24 MP: 3/3
   550 | D:2      | Found an opulent altar of Gozag.
   998 | D:2      | HP: 1/24 [leopard gecko (1)]
  1005 | D:2      | HP: 1/24 [leopard gecko (1)]
  1007 | D:2      | Mangled by a gnoll

Action                   || total
-------------------------++-------
Melee: Flail             ||   132
       Kick              ||    32
  Use: Potion            ||     3
       Scroll            ||     4
  Eat: Chunk             ||     1
Armor: Scale mail        ||    45
       Plate armour      ||    22
       Chain mail        ||    15
Dodge: Dodged            ||    28
Block: Shield            ||    76
